 Dungeon Crawl Stone Soup version 0.31.0-32-g396128a36d (webtiles) character file.

Game seed: 8865349321100387936

133 Curundu the Chopper (level 4, 0/41 HPs)
             Began as a Minotaur Berserker on Mar 30, 2024.
             Was a Believer of Trog.
             Succumbed to an adder's poison
             ... on level 3 of the Dungeon.
             The game lasted 00:04:44 (1794 turns).

Curundu the Chopper (Minotaur Berserker)            Turns: 1794, Time: 00:04:44

Health: 0/41       AC:  2    Str: 24    XL:     4   Next: 94%
Magic:  3/3        EV: 17    Int:  4    God:    Trog [**....]
Gold:   69         SH:  0    Dex:  9    Spells: 3/3 levels left

rFire   . . .        a - +0 hand axe
rCold   . . .        (no shield)
rNeg    . . .        b - +0 animal skin
rPois   .            (helmet restricted)
rElec   .            (no cloak)
rCorr   .            (no gloves)
SInv    .            (no boots)
Will    .....        (no amulet)
Stlth   +            n - +5 ring of evasion
HPRegen 0.26/turn    (no ring)
MPRegen 0.08/turn

%: no passive effects
@: lethally poisoned (0 -> -1)
A: horns 2, retaliatory headbutt
a: Renounce Religion, Berserk, Trog's Hand


You were on level 3 of the Dungeon.
You worshipped Trog.
Trog was pleased with you.
You visited 1 branch of the dungeon, and saw 3 of its levels.

You collected 69 gold pieces.

Inventory:

Hand Weapons
 a - a +0 hand axe (weapon)
Armour
 b - a +0 animal skin (worn)
Jewellery
 n - a +5 ring of evasion (left hand)
Scrolls
 c - 3 scrolls of blinking {unknown}
 e - a scroll of immolation {unknown}
 f - a scroll of brand weapon {unknown}
 g - a scroll of fog {unknown}
 m - a scroll of teleportation {unknown}
Potions
 d - a potion of berserk rage {unknown}
 h - a potion of curing {unknown}
 i - 2 potions of degeneration {unknown}
 j - a potion of ambrosia {unknown}
 k - a potion of heal wounds {unknown}


   Skills:
 + Level 4.8 Fighting
 + Level 5.2 Axes
 + Level 2.9 Armour
 + Level 2.8 Dodging
 + Level 0.9 Stealth


You had 3 spell levels left.
You didn't know any spells.
Your spell library was empty.

Dungeon Overview and Level Annotations

Branches:
Dungeon (3/15)

Altars:

Shops:
D:1 [


Innate Abilities, Weirdness & Mutations

You have a pair of horns on your head.
You reflexively headbutt those who attack you in melee.


Message History

You hit the adder. Your headbutt misses the adder.
The adder is severely wounded.
You feel very sick. The adder completely misses you.
You completely miss the adder.
The adder is severely wounded.
You feel sick. The adder misses you. The adder completely misses you.
You completely miss the adder.
The adder is severely wounded.
You feel sick. The adder bites you.
* * * LOW HITPOINT WARNING * * *
You are lethally poisoned!
The adder poisons you!
Unknown command.
You hit the adder.
The adder is almost dead.
* * * LOW HITPOINT WARNING * * *
You feel very sick. The adder closely misses you.
You slash the adder!
You kill the adder!
Trog accepts your kill.
You can now call upon Trog for regeneration and willpower.
* * * LOW HITPOINT WARNING * * *
You feel very sick.
* * * LOW HITPOINT WARNING * * *
You feel sick.
You see here an adder corpse.
* * * LOW HITPOINT WARNING * * *
You feel sick.
* * * LOW HITPOINT WARNING * * *
You feel sick.
* * * LOW HITPOINT WARNING * * *
You feel sick.
* * * LOW HITPOINT WARNING * * *
You feel sick.
You see here an adder corpse.
* * * LOW HITPOINT WARNING * * *
You feel sick.
You die...

##########
#########.......†######
........'........'...>#
.##.#####.......@#.##.#
.##.# ####...###.##.#
[...# #...# #.##.#####
.##.# ##### #.##.....#
.##.# #.##.....# ....#
#.##.†...# .####
#.##.##### ##
#######.##.#######
#####
#...............(#


There were no monsters in sight!

Vanquished Creatures
  A bombardier beetle (D:3)
  An orc wizard (D:2)
  2 adders (D:3)
  A ribbon worm (D:2)
  2 dart slugs
  3 orcs (D:2)
  3 endoplasms
  3 giant cockroaches (D:1)
  3 goblins
  6 hobgoblins
  5 kobolds
  3 quokkas
  2 ball pythons
  4 bats
  5 frilled lizards
  2 rats
46 creatures vanquished.

Notes
Turn   | Place    | Note
-------+----------+-------------------------------------------
     0 | D:1      | Curundu the Minotaur Berserker began the quest for the Orb.
     0 | D:1      | Reached XP level 1. HP: 19/19 MP: 0/0
   121 | D:1      | Reached skill level 4 in Axes
   126 | D:1      | Reached XP level 2. HP: 25/27 MP: 1/1
   158 | D:1      | Found Nitolomi's Antique Armour Shoppe.
   803 | D:2      | Reached XP level 3. HP: 12/33 MP: 2/2
  1054 | D:2      | Identified the +3 ring mail of Vaemapue {Str+4}
  1252 | D:2      | Reached XP level 4. HP: 38/41 MP: 3/3
  1783 | D:3      | Reached skill level 5 in Axes
  1787 | D:3      | Reached ** piety under Trog
  1792 | D:3      | HP: 2/41 [poisoned by an adder]
  1794 | D:3      | Succumbed to an adder's poison

Illustrated notes

Levels and vault maps discovered:
D:1:      dpeg_arrival_line_fractal, layout_basic, serial_shops,
          nicolae_shop_hallway_stairs
D:2:      layout_loops_ring, st_stairs_5
D:3:      layout_basic, grunt_temple_overflow_open, kennysheep_generic_room_4

Skill      XL: |  1  2  3  4 |
---------------+-------------+-----
Axes           | 4 5 |  5.2
Fighting       | 4 |  4.8
Armour         | |  2.9
Dodging        | |  2.8
Stealth        | |  0.9

Action                     |  1- 3 |  4- 6 || total
---------------------------+-------+-------++-------
  Melee: Hand axe          |    57 |    35 ||    92
         Headbutt          |     6 |     5 ||    11
         Punch             |     1 |       ||     1
 Invoke: Berserk           |     1 |       ||     1
 Armour: Animal skin       |    47 |    15 ||    62
  Dodge: Dodged            |    36 |    33 ||    69
